 Dungeon Crawl Stone Soup version 0.31.0-4-g52a2dc7128 (webtiles) character file.

Game seed: 11132655506072569337

6308 BeingJoeMalik the Reanimator (level 10, -4/53 HPs)
             Began as a Vine Stalker Necromancer on Jan 22, 2024.
             Was an Elder of Okawaru.
             Slain by an unseen horror (7 damage)
             ... on level 10 of the Dungeon.
             The game lasted 00:42:50 (12962 turns).

BeingJoeMalik the Reanimator (VSNe)                Turns: 12962, Time: 00:42:51

Health: -4/53      AC:  6    Str: 12    XL:     10   Next: 95%
Magic:  0/29       EV: 12    Int: 19    God:    Okawaru [****..]
Gold:   468        SH:  0    Dex: 14    Spells: 6/22 levels left

rFire   . . .        o - +3 hand axe of Utoodal {flame, rPois}
rCold   . . .        (no shield)
rNeg    . . .        a - +0 robe
rPois   +            w - +0 helmet
rElec   .            g - +1 cloak
rCorr   .            q - +0 pair of gloves
SInv    .            (no boots)
Will    +....        (no amulet)
Stlth   ++           h - ring of magical power
HPRegen 1.08/turn    (no ring)
MPRegen 0.21/turn

%: guardian spirit
@: no status effects
A: fangs 3, regeneration 1, magic shield, antimagic bite, no potion heal 2
a: Renounce Religion, Heroism, Finesse


You were on level 10 of the Dungeon.
You worshipped Okawaru.
Okawaru was greatly pleased with you.
You visited 2 branches of the dungeon, and saw 11 of its levels.

You collected 468 gold pieces.

Inventory:

Hand Weapons
 o - the +3 hand axe of Utoodal (weapon) {flame, rPois}
   (You found it on level 5 of the Dungeon)

   rPois:     It protects you from poison
Missiles
 i - 2 curare-tipped darts
 C - a throwing net
Armour
 a - a +0 robe (worn)
 g - a +1 cloak (worn)
 j - a +2 leather armour of cold resistance
 q - a +0 pair of gloves (worn)
 w - a +0 helmet (worn)
Magical Staves
 d - a staff of alchemy
Jewellery
 h - a ring of magical power (left hand)
 r - a ring of ice
Wands
 p - a wand of quicksilver (2)
 u - a wand of mindburst (17)
 x - a wand of polymorph (5)
 y - a wand of flame (19)
Scrolls
 c - 5 scrolls of enchant armour
 e - 3 scrolls of teleportation
 f - 2 scrolls of fog
 s - a scroll of fear
 t - 4 scrolls of identify
 B - a scroll of immolation
 D - a scroll of noise {unknown}
Potions
 b - a potion of haste
 k - 3 potions of curing
 l - 2 potions of enlightenment
 m - a potion of lignification
 n - 3 potions of might
 v - a potion of invisibility
 A - a potion of attraction
Miscellaneous
 z - a lightning rod (4/4)


   Skills:
 * Level 6.9 Fighting
 * Level 6.0 Axes
 - Level 1.5 Dodging
 - Level 2.4 Stealth
 - Level 6.5 Spellcasting
 - Level 6.3 Conjurations
 + Level 9.1 Necromancy
 - Level 3.2 Alchemy


You had 6 spell levels left.
You knew the following spells:

 Your Spells              Type           Power      Damage    Failure   Level
a - Necrotise             Necr           100%       1d9       1%          1
b - Vampiric Draining     Necr           41%        2d8       1%          3
c - Curse of Agony        Necr           41%        N/A       7%          5
d - Magic Dart            Conj           100%       1d8       1%          1
e - Searing Ray           Conj           60%        2d6       1%          2
f - Sting                 Conj/Alch      96%        1d9       1%          1
g - Fugue of the Fallen   Necr           41%        N/A       1%          3

Your spell library contained the following spells:

 Spells                   Type           Power      Damage    Failure   Level
 Apportation              Tloc           12%        N/A       11%         1
 Slow                     Hex            24%        N/A       11%         1
 Fulminant Prism          Conj/Alch      12%        3d9       14%         4
 Ensorcelled Hibernation  Hex/Ice        12%        N/A       16%         2
 Lesser Beckoning         Tloc           12%        N/A       16%         2
 Anguish                  Hex/Necr       11%        N/A       16%         4
 Confusing Touch          Hex            6%         N/A       32%         3
 Gell's Gravitas          Tloc           6%         N/A       32%         3
 Sigil of Binding         Hex            6%         N/A       32%         3
 Teleport Other           Tloc           6%         N/A       32%         3
 Animate Dead             Necr           Unusable   N/A       N/A         4
 Summon Small Mammal      Summ           Unusable   N/A       N/A         1
 Haunt                    Necr/Summ      Unusable   N/A       N/A         7
 Infestation              Necr           Unusable   N/A       N/A         8

Dungeon Overview and Level Annotations

Branches:
Dungeon (10/15)            Temple (1/1) D:5            Lair (0/5) D:9
    Orc: D:9-12

Altars:
Ashenzari
Cheibriados
Dithmenos
Elyvilon
Gozag
Hepliaklqana
Kikubaaqudgha
Makhleb
Nemelex Xobeh
Okawaru
Qazlal
Ru
Sif Muna
Trog
Uskayaw
Vehumet
Wu Jian
Xom
Yredelemnul
Zin
The Shining One

Shops:
D:2 *   D:4 *   D:8 [


Innate Abilities, Weirdness & Mutations

You have razor-sharp teeth.
Your natural rate of healing is unusually fast.
When hurt, damage is shared between your health and your magic reserves.
Your bite disrupts and absorbs the magic of your enemies.
Potions cannot restore your health.


Message History

Aiming: Searing Ray (safe; 1% risk of failure)
Press: ? - help, Shift-Dir - straight line The searing ray hits something. (Press . to maintain the ray.)
Something hits you.
The searing ray hits something.
Something hits you but does no damage. Something hits you. Something hits you.
The searing ray hits something but does no damage.
You finish channelling your searing ray.
Something hits you! Something hits you.
Casting: Searing Ray (safe; 1% risk of failure)
Confirm with . or Enter, or press ? or * to list all spells.
Aiming: Searing Ray (safe; 1% risk of failure)
Press: ? - help, Shift-Dir - straight line (Press . to maintain the ray.)
Something hits you.
The searing ray hits something but does no damage.
Something hits you.
The searing ray hits something.
Something hits you.
The searing ray hits something.
You finish channelling your searing ray.
Something hits you! Something hits you.
Casting: Searing Ray (safe; 1% risk of failure)
Confirm with . or Enter, or press ? or * to list all spells.
Aiming: Searing Ray (safe; 1% risk of failure)
Press: ? - help, Shift-Dir - straight line The searing ray hits something. (Press . to maintain the ray.)
Something hits you.
The searing ray hits something!
Something hits you. Something hits you!
* * * LOW HITPOINT WARNING * * *
Something hits you but does no damage. Something hits you.
* * * LOW HITPOINT WARNING * * *
The searing ray hits something.
You finish channelling your searing ray.
Something hits you.
* * * LOW HITPOINT WARNING * * *
Something hits you!
You die...

##......#............#,,,,,,,,,,*
#......#............#,,,,,,,,,,*
#.....##............#,,,,,,,,,,*
#.....#.............#,,,,,,,,,,,
#.....#.............#,,***+**,,,
#.....#.............#,,*,,,,*,,,
#.....#'##..........#,,*,,,,*,,,
##........############..*,,,,*,,,
................@.......*,,,,*,,,
...........##########...*,,,,*,,,
...........'......,,*,,,******,,,
...........#......,,*,,,,,,,,,,,,
...........#......,,*,,,,,,,,,,,,
...........+,.....,,*,,,,,,,,,,,,
...........+,.....,,*,,,,,,,,,,,,
#######....#**#+##***,,,,,,,,,,,,
#.....,,,,,,,,,,,,,,,,,,,**


There were no monsters in sight!

Vanquished Creatures
  2 two-headed ogres
  A komodo dragon (D:10)
  A hornet (D:8)
  A wraith (D:6)
  A yak (D:9)
  A vampire (D:9)
  2 steam dragons
  4 water moccasins (D:9)
  An orc warrior (D:9)
  An ice beast (D:6)
  A sky beast (D:7)
  3 black bears
  4 centaurs
  2 ogres
  6 kobold brigands
  5 bullfrogs
  A gnoll sergeant (D:6)
  5 scorpions
  3 wights
  5 killer bees (D:9)
  5 howler monkeys
  A crimson imp (D:6)
  2 bombardier beetles
  An orc priest (D:7)
  2 hounds (D:6)
  3 jellies
  A gnoll bouda (D:5)
  4 iguanas
  5 orc wizards
  Robin (D:4)
  3 gnolls (D:5)
  8 adders
  3 white imps (D:7)
  3 ufetubi
  9 dart slugs (D:3)
  3 ribbon worms
  25 orcs
  6 ball pythons
  6 bats
  5 endoplasms
  3 giant cockroaches
  13 goblins
  12 hobgoblins
  4 jackals (D:3)
  36 kobolds
  5 quokkas
  2 frilled lizards
  2 goblin skeletons (D:6)
  A goblin zombie (D:6)
  A hobgoblin zombie (D:6)
  2 kobold skeletons (D:6)
  4 orc zombies (D:6)
  4 rats
235 creatures vanquished.

Vanquished Creatures (collateral kills)
  4 dart slugs
  2 orcs (D:3)
  A frilled lizard (D:2)
  A kobold (D:1)
  2 rats
10 creatures vanquished.

Vanquished Creatures (others)
  A kobold (D:9)
1 creature vanquished.

Grand Total: 246 creatures vanquished

Notes
Turn   | Place    | Note
-------+----------+-------------------------------------------
     0 | D:1      | BeingJoeMalik the Vine Stalker Necromancer began the quest
                  | for the Orb.
     0 | D:1      | Reached XP level 1. HP: 9/9 MP: 4/4
   281 | D:1      | Reached XP level 2. HP: 13/13 MP: 0/6
   673 | D:2      | Found Kepnir's General Store.
   701 | D:2      | Reached skill level 5 in Necromancy
   701 | D:2      | Reached XP level 3. HP: 13/16 MP: 0/7
  1078 | D:2      | Learned a level 3 spell: Vampiric Draining
  1424 | D:3      | Reached XP level 4. HP: 21/21 MP: 4/8
  1562 | D:3      | Reached skill level 6 in Necromancy
  1844 | D:3      | Reached XP level 5. HP: 24/24 MP: 9/9
  1932 | D:3      | You fall into a shaft and drop 2 floors!
  1932 | D:5      | Entered Level 5 of the Dungeon
  1932 | D:5      | Found a staircase to the Ecumenical Temple.
  1945 | Temple   | Entered the Ecumenical Temple
  2358 | D:5      | Identified the +3 hand axe of Utoodal {flame, rPois}
  2434 | D:5      | Learned a level 1 spell: Summon Small Mammal
  2559 | D:3      | Learned a level 1 spell: Magic Dart
  2562 | D:3      | Learned a level 2 spell: Searing Ray
  2601 | D:3      | Found a faded altar of an unknown god.
  3046 | D:3      | Found an iron altar of Okawaru.
  3047 | D:3      | Found a burning altar of Makhleb.
  3048 | D:3      | Found a basalt altar of Yredelemnul.
  3048 | D:3      | Found an opulent altar of Gozag.
  3057 | D:3      | Became a worshipper of Warmaster Okawaru
  3197 | D:4      | Reached XP level 6. HP: 28/28 MP: 10/10
  3245 | D:4      | Reached skill level 7 in Necromancy
  3395 | D:4      | Found Zin's Purification Station.
  3398 | D:4      | Found a glowing silver altar of Zin.
  3613 | D:4      | Reached * piety under Okawaru
  3653 | D:4      | Reached skill level 1 in Axes
  3653 | D:4      | Reached XP level 7. HP: 25/32 MP: 9/13
  3812 | D:4      | Noticed Robin
  3828 | D:4      | Reached skill level 1 in Fighting
  3839 | D:4      | Killed Robin
  4008 | D:4      | Found a hide-covered altar of Uskayaw.
  4122 | D:4      | Found a radiant altar of Vehumet.
  4142 | D:4      | Found a sparkling altar of Nemelex Xobeh.
  5331 | D:6      | Found a glowing golden altar of the Shining One.
  5396 | D:6      | Reached skill level 1 in Conjurations
  5396 | D:6      | Gained mutation: You have razor-sharp teeth. [Vine Stalker
                  | growth]
  5396 | D:6      | Reached XP level 8. HP: 39/39 MP: 9/16
  5525 | D:6      | Reached ** piety under Okawaru
  5526 | D:6      | Reached skill level 5 in Spellcasting
  5933 | D:6      | Reached skill level 8 in Necromancy
  6217 | D:6      | Noticed a wraith
  6237 | D:6      | Killed a wraith
  6455 | D:6      | Reached *** piety under Okawaru
  6537 | D:6      | Reached XP level 9. HP: 44/44 MP: 19/19
  7330 | D:7      | Found a shimmering blue altar of Sif Muna.
  7451 | D:7      | Learned a level 5 spell: Curse of Agony
  7925 | D:7      | Found an ancient bone altar of Kikubaaqudgha.
  8506 | D:8      | Noticed a hornet
  8704 | D:8      | Learned a level 1 spell: Sting
  8741 | D:8      | Killed a hornet
  8742 | D:8      | Reached skill level 1 in Alchemy
  9582 | D:8      | Found Voecrefo's Armour Boutique.
  9723 | D:8      | Found a bloodstained altar of Trog.
 10449 | D:9      | Reached **** piety under Okawaru
 10597 | D:9      | Reached XP level 10. HP: 35/51 MP: 13/20
 10601 | D:9      | Reached skill level 5 in Conjurations
 10766 | D:9      | Found a staircase to the Lair.
 10775 | D:9      | Noticed a two-headed ogre
 10958 | D:9      | Killed a two-headed ogre
 10959 | D:9      | Reached skill level 5 in Fighting
 10959 | D:9      | Reached skill level 5 in Axes
 11134 | D:9      | Reached skill level 9 in Necromancy
 12125 | D:10     | Entered Level 10 of the Dungeon
 12311 | D:10     | Learned a level 3 spell: Fugue of the Fallen
 12419 | D:10     | Noticed a two-headed ogre
 12437 | D:10     | Killed a two-headed ogre
 12889 | D:10     | Identified the +0 chain mail "Mido" {^Drain rElec Regen+
                  | SInv}
 12962 | D:10     | Slain by an unseen horror

Illustrated notes

Levels and vault maps discovered:
D:1:      dpeg_arrival_radiant, layout_rooms
D:2:      layout_rooms, serial_shops, shop, minmay_bisected
D:3:      kennysheep_slugbush, layout_basic, mainiacjoe_overflow_alcove_3,
          shapermc_ecumenical_altar_venn
D:4:      layout_cave_pods, zin_purify, nemelex_diamond_rough_becter,
          mainiacjoe_overflow_tiny_flanked, kennysheep_mini_moat, uniq_robin
D:5:      layout_loops_ring, temple_pool_b
D:6:      layout_loops_ring, nicolae_tso_besieged_by_evil, wad_rectangle_vault
D:7:      layout_cave_pods, mainiacjoe_overflow_alcove_2,
          hellmonk_sif_muna_bookshelves
D:8:      layout_cave_pods, trog_hazing_becter, serial_shops,
          nicolae_shop_behind_doors
D:9:      layout_basic, due_lair_maze_entry_diamond
D:10:     layout_irregular_city, mainiacjoe_overflow_alcove_4
Temple:   dpeg_three_leaves_temple

Skill      XL: |  1  2  3  4  5  6  7  8  9 10 |
---------------+-------------------------------+-----
Necromancy     | 5 6 7 8 9 |  9.1
Spellcasting   | 3 4 6 |  6.5
Axes           | 1 2 3 4 6 |  6.0
Fighting       | 1 3 4 6 |  6.9
Conjurations   | 1 2 4 6 |  6.3
Alchemy        | 2 3 |  3.2
Dodging        | |  1.5
Stealth        | |  2.4

Action                     |  1- 3 |  4- 6 |  7- 9 | 10-12 || total
---------------------------+-------+-------+-------+-------++-------
  Melee: Bite              |     6 |     4 |    12 |     2 ||    24
         Unarmed           |     2 |       |       |       ||     2
         Staff             |     7 |     9 |       |       ||    16
         Hand axe          |       |       |    47 |     9 ||    56
   Cast: Necrotise         |    78 |   111 |    81 |     1 ||   271
         Magic Dart        |       |       |   112 |    35 ||   147
         Searing Ray       |       |       |    74 |    34 ||   108
         Vampiric Draining |       |       |     4 |     5 ||     9
         Sting             |       |       |    21 |     4 ||    25
  Evoke: Lightning rod     |       |       |       |     1 ||     1
    Use: Scroll            |       |    11 |     8 |     2 ||    21
         Potion            |       |       |     6 |       ||     6
 Armour: Robe              |    27 |    18 |   171 |   109 ||   325
  Dodge: Dodged            |    26 |    21 |   160 |    78 ||   285
